ITL
OTSEGO BULLDOGS @ INDIANA HOUNDS
08/30/2027
 
TOP OF THE 1ST
Otsego Bulldogs batting - Pitching for Indiana Hounds : LHP Darren Blackwell
Pitching: LHP Darren Blackwell
Batting: RHB Donald White 0-0: Called Strike
0-1: Ball
1-1: SINGLE (Line Drive, 8LS)
Batting: RHB Cristo García 0-0: Grounds into double play, 4-6-3 (Groundball, 4M)
Batting: RHB Felipe Rodríguez 0-0: Called Strike
0-1: Foul Ball, location: 2F
0-2: Ball
1-2: Ground out 6-3 (Groundball, 6S)
Top of the 1st over - 0 run(s), 1 hit(s), 0 error(s), 0 left on base; Otsego 0 - Indiana 0
BOTTOM OF THE 1ST
Indiana Hounds batting - Pitching for Otsego Bulldogs : RHP Dave Smith
Pitching: RHP Dave Smith
Batting: LHB David Cháves 0-0: Swinging Strike
0-1: Called Strike
0-2: Strikes out swinging
Batting: RHB Octávio Marín 0-0: Called Strike
0-1: Ball
1-1: Swinging Strike
1-2: SINGLE (Line Drive, 8LS)
Batting: RHB Danny Walker 0-0: Ball
Throwing error on steal attempt, E2
Octávio Marín to third
1-0: Ground out 6-3 (Groundball, 6)
Octávio Marín scores
Batting: RHB Norberto Gonzáles 0-0: Swinging Strike
0-1: Ball
1-1: Swinging Strike
1-2: Ball
2-2: Strikes out swinging
Bottom of the 1st over - 1 run(s), 1 hit(s), 1 error(s), 0 left on base; Otsego 0 - Indiana 1
TOP OF THE 2ND
Otsego Bulldogs batting - Pitching for Indiana Hounds : LHP Darren Blackwell
Batting: RHB Jorge Cisneros 0-0: Ball
1-0: Swinging Strike
1-1: Foul Ball, location: 2F
1-2: Ball
2-2: Ball
3-2: Ground out 6-3 (Groundball, 6)
Batting: RHB Felipe Rego 0-0: Ball
1-0: Foul Ball, location: 2F
1-1: SOLO HOME RUN (Flyball, 9D), Distance : 374 ft
Batting: RHB Ramiro Chávez 0-0: Called Strike
0-1: Ball
1-1: Ball
2-1: Foul Ball, location: 2F
2-2: Foul Ball, location: 2F
2-2: Fly out, F8 (Flyball, 8RS)
Batting: RHB Luis Antonio Velásquez 0-0: Ball
1-0: Called Strike
1-1: Hit by Pitch
Batting: RHB Kyung-bok Cho 0-0: Ball
1-0: SINGLE (Line Drive, 78S)
Luis Antonio Velásquez to second
Batting: LHB Martin Davis 0-0: Called Strike
0-1: Foul Ball, location: 2F
0-2: Ball
1-2: Strikes out swinging
Top of the 2nd over - 1 run(s), 2 hit(s), 0 error(s), 2 left on base; Otsego 1 - Indiana 1
BOTTOM OF THE 2ND
Indiana Hounds batting - Pitching for Otsego Bulldogs : RHP Dave Smith
Batting: LHB Dave Helásquez 0-0: Ball
1-0: Called Strike
1-1: Fly out, F7 (Flyball, 7LS)
Batting: RHB Domingo Romero 0-0: Ball
1-0: Swinging Strike
1-1: Swinging Strike
1-2: Ground out 5-3 (Groundball, 56S)
Batting: LHB Denny Poole 0-0: Fly out, F7 (Flyball, 7LDF)
Bottom of the 2nd over - 0 run(s), 0 hit(s), 0 error(s), 0 left on base; Otsego 1 - Indiana 1
TOP OF THE 3RD
Otsego Bulldogs batting - Pitching for Indiana Hounds : LHP Darren Blackwell
Batting: RHB Donald White 0-0: Called Strike
0-1: Ground out 4-3 (Groundball, 4D)
Batting: RHB Cristo García 0-0: Ground out 6-3 (Groundball, 6)
Batting: RHB Felipe Rodríguez 0-0: Ball
1-0: Ball
2-0: Called Strike
2-1: Fly out, F6 (Line Drive, 6M)
Top of the 3rd over - 0 run(s), 0 hit(s), 0 error(s), 0 left on base; Otsego 1 - Indiana 1
BOTTOM OF THE 3RD
Indiana Hounds batting - Pitching for Otsego Bulldogs : RHP Dave Smith
Batting: LHB Dave Watson 0-0: Ball
1-0: Ball
2-0: Ball
3-0: Base on Balls
Batting: RHB Doug Murray 0-0: Ball
1-0: Foul Ball, location: 2F
1-1: Called Strike
1-2: Strikes out swinging
Batting: LHB David Cháves 0-0: Called Strike
0-1: Ball
1-1: Fly out, F7 (Flyball, 7LS)
Batting: RHB Octávio Marín 0-0: Ball
1-0: Ball
2-0: Ball
3-0: Called Strike
3-1: Called Strike
3-2: Foul Ball, location: 2F
3-2: Ground out 5-3 (Groundball, 5)
Bottom of the 3rd over - 0 run(s), 0 hit(s), 0 error(s), 1 left on base; Otsego 1 - Indiana 1
TOP OF THE 4TH
Otsego Bulldogs batting - Pitching for Indiana Hounds : LHP Darren Blackwell
Batting: RHB Jorge Cisneros 0-0: Ball
1-0: SOLO HOME RUN (Flyball, 7D), Distance : 367 ft
Batting: RHB Felipe Rego 0-0: Called Strike
0-1: Ball
1-1: Swinging Strike
1-2: Ground out 5-3 (Groundball, 5S)
Batting: RHB Ramiro Chávez 0-0: Ball
1-0: Fly out, F6 (Line Drive, 6)
Batting: RHB Luis Antonio Velásquez 0-0: Called Strike
0-1: Ball
1-1: Foul Ball, location: 2F
1-2: Foul Ball, location: 2F
1-2: Foul Ball, location: 2F
1-2: Ball
2-2: SINGLE (Flyball, 8RS)
Batting: RHB Kyung-bok Cho 0-0: Ball
1-0: Fielders Choice at 2nd, 5-4 (Groundball, 56)
Top of the 4th over - 1 run(s), 2 hit(s), 0 error(s), 0 left on base; Otsego 2 - Indiana 1
BOTTOM OF THE 4TH
Indiana Hounds batting - Pitching for Otsego Bulldogs : RHP Dave Smith
Batting: RHB Danny Walker 0-0: Foul Ball, location: 2F
0-1: Called Strike
0-2: Ball
1-2: SINGLE (Line Drive, 4MD)
Batting: RHB Norberto Gonzáles 0-0: Ball
1-0: Ground out 5-3 (Groundball, 56S)
Danny Walker to second
Batting: LHB Dave Helásquez 0-0: Called Strike
0-1: Ground out 4-3 (Groundball, 4)
Danny Walker to third
Batting: RHB Domingo Romero 0-0: Called Strike
0-1: Called Strike
0-2: Foul Ball, location: 2F
0-2: Strikes out swinging
Bottom of the 4th over - 0 run(s), 1 hit(s), 0 error(s), 1 left on base; Otsego 2 - Indiana 1
TOP OF THE 5TH
Otsego Bulldogs batting - Pitching for Indiana Hounds : LHP Darren Blackwell
Batting: LHB Martin Davis 0-0: Called Strike
0-1: Ball
1-1: Bunt for hit - play at first, batter OUT! 1-3
Batting: RHB Donald White 0-0: Called Strike
0-1: Foul Ball, location: 2F
0-2: Ball
1-2: Ground out 4-3 (Groundball, 4)
Batting: RHB Cristo García 0-0: Called Strike
0-1: SINGLE (Line Drive, 6D)
Batting: RHB Felipe Rodríguez 0-0: Ball
1-0: Called Strike
1-1: Ball
2-1: Ball
3-1: Base on Balls
Cristo García to second
Batting: RHB Jorge Cisneros 0-0: Called Strike
0-1: Called Strike
0-2: Ball
1-2: SINGLE (Groundball, 4MD)
Cristo García to third
Felipe Rodríguez to second
Runner from 3rd tries for Home, SAFE, throw made home
Felipe Rodríguez to third
Jorge Cisneros to second
Batting: RHB Felipe Rego 0-0: Ball
1-0: Called Strike
1-1: Fly out, F6 (Line Drive, 6)
Top of the 5th over - 1 run(s), 2 hit(s), 0 error(s), 2 left on base; Otsego 3 - Indiana 1
BOTTOM OF THE 5TH
Indiana Hounds batting - Pitching for Otsego Bulldogs : RHP Dave Smith
Batting: LHB Denny Poole 0-0: Foul Ball, location: 2F
0-1: Foul Ball, location: 2F
0-2: Strikes out swinging
Batting: LHB Dave Watson 0-0: SINGLE (Groundball, 34D)
Batting: RHB Doug Murray 0-0: Called Strike
0-1: Foul Ball, location: 2F
0-2: Strikes out swinging
Batting: LHB David Cháves 0-0: Ball
1-0: Swinging Strike
1-1: Called Strike
1-2: Foul Ball, location: 2F
1-2: Foul Ball, location: 2F
1-2: Strikes out swinging
Bottom of the 5th over - 0 run(s), 1 hit(s), 0 error(s), 1 left on base; Otsego 3 - Indiana 1
TOP OF THE 6TH
Otsego Bulldogs batting - Pitching for Indiana Hounds : LHP Darren Blackwell
Batting: RHB Ramiro Chávez 0-0: Ball
1-0: Called Strike
1-1: Ball
2-1: Ball
3-1: Called Strike
3-2: Base on Balls
Pitching: RHP Teddy Mathews
Batting: RHB Luis Antonio Velásquez 0-0: Ball
1-0: Ball
2-0: Called Strike
2-1: Fielders Choice at 2nd, 6-4 (Groundball, 56D)
Batting: RHB Kyung-bok Cho 0-0: Ball
Luis Antonio Velásquez is caught stealing 2nd base
1-0: Ball
2-0: Ball
3-0: Called Strike
3-1: Fly out, F9 (Flyball, 89S)
Top of the 6th over - 0 run(s), 0 hit(s), 0 error(s), 0 left on base; Otsego 3 - Indiana 1
BOTTOM OF THE 6TH
Indiana Hounds batting - Pitching for Otsego Bulldogs : RHP Dave Smith
Batting: RHB Octávio Marín 0-0: Ground out 5-3 (Groundball, 56S)
Batting: RHB Danny Walker 0-0: Ball
1-0: Swinging Strike
1-1: Ball
2-1: Swinging Strike
2-2: Strikes out looking
Batting: RHB Norberto Gonzáles 0-0: Called Strike
0-1: Ball
1-1: SINGLE (Groundball, 56D)
Batting: LHB Dave Helásquez 0-0: Called Strike
0-1: Foul Ball, location: 2F
0-2: Ball
1-2: Ball
2-2: Fly out, F9 (Flyball, 9S)
Bottom of the 6th over - 0 run(s), 1 hit(s), 0 error(s), 1 left on base; Otsego 3 - Indiana 1
TOP OF THE 7TH
Otsego Bulldogs batting - Pitching for Indiana Hounds : RHP Teddy Mathews
Batting: LHB Martin Davis 0-0: Ball
1-0: Swinging Strike
1-1: Fly out, F8 (Flyball, 78S)
Batting: RHB Donald White 0-0: Foul Ball, location: 2F
0-1: Foul Ball, location: 2F
0-2: Ball
1-2: Strikes out swinging
Batting: RHB Cristo García 0-0: SINGLE (Groundball, 56) (infield hit)
Batting: RHB Felipe Rodríguez 0-0: Called Strike
0-1: Ball
1-1: Ball
2-1: Ball
3-1: Base on Balls
Cristo García to second
Batting: RHB Jorge Cisneros 0-0: Ball
1-0: Fielders Choice at 2nd, 6-4 (Groundball, 56D)
Top of the 7th over - 0 run(s), 1 hit(s), 0 error(s), 1 left on base; Otsego 3 - Indiana 1
BOTTOM OF THE 7TH
Indiana Hounds batting - Pitching for Otsego Bulldogs : RHP Dave Smith
Batting: RHB Domingo Romero 0-0: Fly out, F8 (Flyball, 8LD)
Batting: LHB Denny Poole 0-0: Ball
1-0: Ground out 4-3 (Groundball, 34D)
Batting: LHB Dave Watson 0-0: Ground out U3 (Groundball, 3)
Bottom of the 7th over - 0 run(s), 0 hit(s), 0 error(s), 0 left on base; Otsego 3 - Indiana 1
TOP OF THE 8TH
Otsego Bulldogs batting - Pitching for Indiana Hounds : RHP Teddy Mathews
Batting: RHB Felipe Rego 0-0: Foul Ball, location: 2F
0-1: Swinging Strike
0-2: Foul Ball, location: 2F
0-2: Ball
1-2: Foul Ball, location: 2F
1-2: Ball
2-2: Strikes out swinging
Batting: RHB Ramiro Chávez 0-0: SINGLE (Groundball, 56D)
Pitching: RHP Ronald Moore
Batting: RHB Luis Antonio Velásquez 0-0: Ball
1-0: Called Strike
1-1: Fly out, F9 (Flyball, 9LM)
Batting: RHB Kyung-bok Cho 0-0: Fielders Choice at 2nd, 4-6 (Groundball, 4)
Top of the 8th over - 0 run(s), 1 hit(s), 0 error(s), 0 left on base; Otsego 3 - Indiana 1
BOTTOM OF THE 8TH
Indiana Hounds batting - Pitching for Otsego Bulldogs : RHP Dave Smith
Batting: RHB Doug Murray 0-0: SINGLE (Line Drive, 4M)
Batting: LHB David Cháves 0-0: Ball
1-0: Ball
2-0: Ball
3-0: Called Strike
3-1: Foul Ball, location: 2F
3-2: Ground out U3 (Groundball, 3S)
Doug Murray to second
Pitching: RHP Dave Johnston
Batting: RHB Octávio Marín 0-0: Swinging Strike
0-1: Ball
1-1: Foul Ball, location: 2F
1-2: Ball
2-2: Strikes out swinging
Batting: RHB Danny Walker 0-0: Ball
1-0: Called Strike
1-1: Ball
2-1: Foul Ball, location: 2F
2-2: Strikes out swinging
Bottom of the 8th over - 0 run(s), 1 hit(s), 0 error(s), 1 left on base; Otsego 3 - Indiana 1
TOP OF THE 9TH
Otsego Bulldogs batting - Pitching for Indiana Hounds : RHP Ronald Moore
Pitching: LHP Pedro Torres
Batting: LHB Martin Davis 0-0: Ball
1-0: SINGLE (Flyball, 5L)
Batting: RHB Donald White 0-0: Bunt missed!
0-1: Sac Bunt - play at first, batter OUT! 1-4
Martin Davis to second
Batting: RHB Cristo García 0-0: Ball
1-0: Fly out, F9 (Flyball, 89D)
Runner from 2nd tags up, SAFE at 3rd, no throw
Batting: RHB Felipe Rodríguez 0-0: Ball
1-0: Foul Ball, location: 2F
1-1: Ground out 5-3 (Groundball, 56S)
Top of the 9th over - 0 run(s), 1 hit(s), 0 error(s), 1 left on base; Otsego 3 - Indiana 1
BOTTOM OF THE 9TH
Indiana Hounds batting - Pitching for Otsego Bulldogs : RHP Dave Johnston
Pitching: RHP Ricardo Trujillo
Batting: RHB Norberto Gonzáles 0-0: Ball
1-0: DOUBLE (Line Drive, 7LM)
Batting: LHB Dave Helásquez 0-0: Swinging Strike
0-1: Foul Ball, location: 2F
0-2: Ground out 1-3 (Groundball, 13S)
Norberto Gonzáles to third
Batting: RHB Domingo Romero 0-0: Swinging Strike
0-1: Ball
Passed Ball!
Norberto Gonzáles scores
1-1: Fly out, F7 (Flyball, 7D)
Batting: LHB Denny Poole 0-0: Swinging Strike
0-1: Ball
1-1: Foul Ball, location: 2F
1-2: Strikes out swinging
Bottom of the 9th over - 1 run(s), 1 hit(s), 0 error(s), 0 left on base; Otsego 3 - Indiana 2
Thursday, March 30th, 2017 - OOTP Baseball 17.12 Build 75